 Dungeon Crawl Stone Soup version 0.25-a0-258-g6d7e32a812 (webtiles) character file.

Game seed: 15238315951916790719, levelgen mode: classic

1591504 EnegeticOcto the Photosynthesist (level 26, 220/220 HPs)
             Began as a Demonspawn Monk on Dec 6, 2019.
             Was an Elder of Fedhas.
             Escaped with the Orb
             ... and 3 runes!
             The game lasted 02:17:44 (77162 turns).

EnegeticOcto the Photosynthesist (Demonspawn Monk) Turns: 77162, Time: 02:17:44

Health: 220/220    AC: 50    Str: 24    XL:     26   Next: 53%
Magic:  39/39      EV: 14    Int: 19    God:    Fedhas [****..]
Gold:   4377       SH:  0    Dex: 14    Spells: 22/25 levels left

rFire    + + .     SeeInvis +   a - +8 lajatang (vamp)
rCold    + . .     Gourm    .   (shield currently unavailable)
rNeg     + . .     Faith    .   R - +8 orange crystal plate armour {Archmagi, Int+3 Clar}
rPois    .         Spirit   +   (helmet unavailable)
rElec    +         Reflect  .   z - +2 cloak {MR+}
rCorr    .         Harm     .   B - +2 pair of gloves
MR       +++..     Clarity  +   T - +2 pair of boots {Fly}
Stlth    ..........             E - amulet "Zevup" {RegenMP *Drain rF+ Int+4}
HPRegen  0.46/turn              L - ring "Irphau" {rC+ rN+ Str+3 SInv}
MPRegen  0.77/turn              x - ring of protection from magic

@: lightly drained
A: horns 3, thin metallic scales 3, clumsy 1, dopey 1, fire resistance 1, hurl
damnation, spiny 3, magic shield, magic regeneration, magic link, flame cloud
immunity
0: Orb of Zot
}: 3/15 runes: barnacled, silver, gossamer
a: Hurl Damnation, Wall of Briars, Grow Ballistomycete, Overgrow, Renounce
Religion, Evoke Flight


You escaped.
You worshipped Fedhas.
Fedhas was greatly pleased with you.
You were not hungry.

You visited 10 branches of the dungeon, and saw 50 of its levels.
You also visited: Ice Cave and Wizlab.

You collected 6660 gold pieces.
You spent 2283 gold pieces at shops.

Inventory:

Hand Weapons
 a - a +8 vampiric lajatang (weapon)
 b - a +3 longbow of velocity
 I - a +2 long sword of distortion
Missiles
 u - 1563 arrows
 J - a throwing net (quivered) {!f}
Armour
 z - a +2 cloak of magic resistance (worn)
 B - a +2 pair of gloves (worn)
 Q - the +2 cloak of the Demon Prince {rF+++ rN+ MP+9 Str-3}
   (You found it on level 3 of the Depths)

   It affects your strength (-3).
   It renders you almost immune to fire.
   It protects you from negative energy.
   It affects your magic capacity (+9).
 R - the +8 orange crystal plate armour (worn) {Archmagi, Int+3 Clar}
   (You took it off a deep elf blademaster on level 3 of the Elven Halls)

   It affects your intelligence (+3).
   It protects you against confusion.
 T - a +2 pair of boots of flying (worn)
Jewellery
 h - a +5 ring of evasion
 t - the ring of Fiereag {-Tele rC+ Str+3 Int+8}
   (You found it on level 4 of the Realm of Zot)

   [ring of protection from cold]

   It affects your strength (+3).
   It affects your intelligence (+8).
   It protects you from cold.
   It prevents most forms of teleportation.
 x - a ring of protection from magic (right hand)
 E - the amulet "Zevup" (around neck) {RegenMP *Drain rF+ Int+4}
   (You found it on level 2 of the Shoals)

   [amulet of magic regeneration]

   It increases your magic regeneration.
   It affects your intelligence (+4).
   It protects you from fire.
   It causes draining when unequipped.
 L - the ring "Irphau" (left hand) {rC+ rN+ Str+3 SInv}
   (You found it on level 13 of the Dungeon)

   [ring of see invisible]

   It affects your strength (+3).
   It protects you from cold.
   It protects you from negative energy.
   It lets you see invisible.
 M - the ring "Inkui" {rPois rF+ Dex-5 Slay+3}
   (You found it on level 5 of the Vaults)

   [ring of poison resistance]

   It affects your dexterity (-5).
   It affects your accuracy and damage with ranged weapons and melee attacks
   (+3).
   It protects you from fire.
   It protects you from poison.
Wands
 i - a wand of acid (14)
 q - a wand of clouds (3)
 F - a wand of scattershot (5)
 G - a wand of digging (8)
 N - a wand of polymorph (29)
 P - a wand of paralysis (12)
 S - a wand of enslavement (7)
 X - a wand of iceblast (30)
Scrolls
 c - 2 scrolls of blinking {@r4}
 f - 15 scrolls of fog {!r}
 j - a scroll of holy word
 m - 2 scrolls of silence
 o - 17 scrolls of teleportation {@r3 !r}
 r - 4 scrolls of identify {@r1}
 s - 2 scrolls of torment
 v - 26 scrolls of remove curse {@r2}
 y - 10 scrolls of fear {!r}
 A - a scroll of magic mapping {@r5 !r}
 O - 4 scrolls of immolation
 U - 2 scrolls of summoning
Potions
 d - 8 potions of brilliance
 g - 8 potions of berserk rage
 k - 10 potions of lignification {@q6}
 l - 2 potions of ambrosia
 n - 8 potions of curing {@q1 !q}
 p - 4 potions of cancellation
 w - 12 potions of agility {@q5 !q}
 C - 4 potions of heal wounds {@q2 !q}
 D - 9 potions of might {@q3 !q}
 H - 5 potions of haste {@q4 !q}
 K - 5 potions of mutation
 W - 4 potions of resistance
 Z - 3 potions of invisibility
Miscellaneous
 V - 5 boxes of beasts
 Y - 3 phantom mirrors
Comestibles
 e - 51 rations


   Skills:
 + Level 20.9(20.7) Fighting
   Level 14.0(15.1) Polearms
 - Level 11.2(13.8) Staves
 - Level 13.4(13.3) Bows
 + Level 19.9(19.8) Armour
 - Level 16.7(16.5) Dodging
 - Level 3.0(2.8) Stealth
 + Level 24.9(24.7) Invocations
 - Level 11.0(10.9) Evocations


You had 22 spell levels left.
You knew the following spells:

 Your Spells              Type           Power        Failure   Level  Hunger
a - Apportation           Tloc           #.....       98%         1    ##.....
b - Swiftness             Chrm/Air       #.......     99%         2    ###....

Your spell library contained the following spells:

 Spells                   Type           Power        Failure   Level  Hunger
 Animate Skeleton         Necr           N/A          98%         1    ##.....
 Beastly Appendage        Tmut           #.....       98%         1    ##.....
 Confusing Touch          Hex            #.....       98%         1    ##.....
 Corona                   Hex            #......      98%         1    ##.....
 Foxfire                  Conj/Fire      #...         98%         1    ##.....
 Freeze                   Ice            #...         98%         1    ##.....
 Infusion                 Chrm           #...         98%         1    ##.....
 Magic Dart               Conj           #...         98%         1    ##.....
 Pain                     Necr           #...         98%         1    ##.....
 Sandblast                Erth           #.....       98%         1    ##.....
 Shock                    Conj/Air       #...         98%         1    ##.....
 Sting                    Tmut/Pois      #...         98%         1    ##.....
 Summon Butterflies       Summ           #.......     98%         1    ##.....
 Summon Small Mammal      Summ           #...         98%         1    ##.....
 Blink                    Tloc           N/A          99%         2    ###....
 Call Imp                 Summ           #.......     99%         2    ###....
 Corpse Rot               Necr/Air       N/A          99%         2    ###....
 Ensorcelled Hibernation  Hex/Ice        #.....       99%         2    ###....
 Passwall                 Tmut/Erth      #.......     99%         2    ###....
 Poisonous Vapours        Pois/Air       #.....       99%         2    ###....
 Searing Ray              Conj           #.....       99%         2    ###....
 Shroud of Golubria       Chrm/Tloc      #.....       99%         2    ###....
 Slow                     Hex            #.......     99%         2    ###....
 Song of Slaying          Chrm           #.......     99%         2    ###....
 Sticks to Snakes         Tmut           #.......     99%         2    ###....
 Sublimation of Blood     Necr           #.........   99%         2    ###....
 Call Canine Familiar     Summ           #.......     100%        3    ####...
 Confuse                  Hex            #.......     100%        3    ####...
 Conjure Flame            Conj/Fire      #.......     100%        3    ####...
 Dazzling Flash           Conj/Hex       #.....       100%        3    ####...
 Gell's Gravitas          Tloc           #.........   100%        3    ####...
 Ignite Poison            Fire/Tmut/Pois #.......     100%        3    ####...
 Inner Flame              Hex/Fire       #.......     100%        3    ####...
 Lesser Beckoning         Tloc           #.........   100%        3    ####...
 Mephitic Cloud           Conj/Pois/Air  #.......     100%        3    ####...
 Ozocubu's Armour         Chrm/Ice       #.......     100%        3    ####...
 Recall                   Summ/Tloc      N/A          100%        3    ####...
 Regeneration             Chrm/Necr      #.........   100%        3    ####...
 Spectral Weapon          Hex/Chrm       #.......     100%        3    ####...
 Spider Form              Tmut/Pois      #.........   100%        3    ####...
 Static Discharge         Conj/Air       #.......     100%        3    ####...
 Stone Arrow              Conj/Erth      #.....       100%        3    ####...
 Teleport Other           Tloc           #.......     100%        3    ####...
 Tukima's Dance           Hex            #.......     100%        3    ####...
 Vampiric Draining        Necr           #.........   100%        3    ####...
 Airstrike                Air            #.........   100%        4    #####..
 Animate Dead             Necr           N/A          100%        4    #####..
 Cause Fear               Hex            #.........   100%        4    #####..
 Fulminant Prism          Conj/Hex       #.........   100%        4    #####..
 Hailstorm                Conj/Ice       #.......     100%        4    #####..
 Ice Form                 Ice/Tmut       #.......     100%        4    #####..
 Iskenderun's Mystic Bla  Conj/Tloc      #.......     100%        4    #####..
 Olgreb's Toxic Radiance  Pois           #.......     100%        4    #####..
 Petrify                  Tmut/Erth      #.......     100%        4    #####..
 Sticky Flame             Conj/Fire      #.......     100%        4    #####..
 Summon Ice Beast         Ice/Summ       #.......     100%        4    #####..
 Summon Lightning Spire   Summ/Air       #.......     100%        4    #####..
 Agony                    Necr           #.......     100%        5    ######.
 Aura of Abjuration       Summ           #.........   100%        5    ######.
 Blade Hands              Tmut           #.........   100%        5    ######.
 Bolt of Magma            Conj/Fire/Erth #.........   100%        5    ######.
 Dispel Undead            Necr           #.......     100%        5    ######.
 Excruciating Wounds      Chrm/Necr      #.........   100%        5    ######.
 Fireball                 Conj/Fire      #.........   100%        5    ######.
 Irradiate                Conj/Tmut      #.........   100%        5    ######.
 Lee's Rapid Deconstruct  Erth           #.........   100%        5    ######.
 Lightning Bolt           Conj/Air       #.........   100%        5    ######.
 Silence                  Hex/Air        #.........   100%        5    ######.
 Summon Demon             Summ           #.........   100%        5    ######.
 Summon Forest            Summ/Tloc      #.........   100%        5    ######.
 Summon Mana Viper        Hex/Summ       #.......     100%        5    ######.
 Yara's Violent Unravell  Hex/Tmut       #.........   100%        5    ######.
 Darkness                 Hex            #.........   100%        6    #######
 Deflect Missiles         Chrm/Air       #.........   100%        6    #######
 Freezing Cloud           Conj/Ice/Air   #.........   100%        6    #######
 Hydra Form               Tmut           #.........   100%        6    #######
 Invisibility             Hex            #.......     100%        6    #######
 Shadow Creatures         Summ           N/A          100%        6    #######
 Starburst                Conj/Fire      #.........   100%        6    #######
 Statue Form              Tmut/Erth      #........    100%        6    #######
 Dragon Form              Tmut           #.........   100%        7    #######
 Haunt                    Necr/Summ      #.........   100%        7    #######
 Ring of Flames           Chrm/Fire      #.........   100%        7    #######
 Summon Hydra             Summ           #.........   100%        7    #######
 Borgnjor's Revivificati  Necr           #.........   100%        8    #######
 Death's Door             Chrm/Necr      #.........   100%        8    #######
 Discord                  Hex            #.........   100%        8    #######
 Ignition                 Fire           #.........   100%        8    #######
 Infestation              Necr           #.........   100%        8    #######
 Necromutation            Tmut/Necr      #.........   100%        8    #######
 Passage of Golubria      Tloc           Unusable     N/A         4    N/A

Dungeon Overview and Level Annotations

Branches:
Dungeon (15/15)            Temple (1/1) D:6            Lair (6/6) D:8
 Shoals (4/4) Lair:4       Spider (4/4) Lair:4        Slime (0/5) Lair:6
    Orc (2/2) D:11            Elf (3/3) Orc:2        Vaults (5/5) D:13
  Crypt (0/3) Vaults:2     Depths (5/5) D:15            Zot (5/5) Depths:5
  IceCv (visited)          WizLab (visited)

Altars:
Ashenzari
Cheibriados
Dithmenos
Elyvilon
Fedhas
Gozag
Hepliaklqana
Kikubaaqudgha
Makhleb
Nemelex Xobeh
Okawaru
Qazlal
Ru
Sif Muna
Trog
Uskayaw
Vehumet
Wu Jian
Xom
Yredelemnul
Zin
The Shining One
Beogh
Lugonu

Shops:
D:4 %   D:5 !   D:14 :   Orc:2 ?%(:   Shoals:2 [   Vaults:1 :   Vaults:2 !([:!
Vaults:3 }   Vaults:5 }   Depths:1 [

Portals:
Hell: Depths:1 Depths:2 Depths:3 Depths:4 Depths:5
Abyss: Depths:4 Depths:5
Pandemonium: Orc:2 Depths:3
Ziggurat: Depths:1

Annotations:
D:5 3 runed translucent doors, exclusion: 3 doors, RedPan's ghost, amateur DrIE
Spider:2 1 runed translucent door, Kolostyj's ghost, adept OpWn
Elf:2 3 runed translucent doors
Depths:2 exclusion: 3 doors
Zot:3 exclusion: door
Zot:4 1 transporter


Innate Abilities, Weirdness & Mutations

You have a pair of large horns on your head.
You are completely covered in thin metallic scales. (AC +4, rElec)
Your flesh is heat resistant. (rF+)
You can hurl damnation.
You are completely covered in sharp spines.
When hurt, damage is shared between your health and your magic reserves.
You regenerate magic rapidly.
When low on magic, you restore magic in place of health.
You are immune to clouds of flame.
You are clumsy. (Dex -2)
You are dopey. (Int -2)


Message History

(V) Vaults (C) Crypt (U) Depths (H) Hell (Z) Zot
Where to? (Enter - D:10 @ (x,y), ? - help)
What level of the Dungeon? (default 1, ? - help)
A sun demon and a tentacled monstrosity come into view.
The sun demon shouts!
The tentacled monstrosity moves out of view.
An Orb Guardian comes into view.
The Orb Guardian barely misses you.
There is a stone staircase leading up here.
The Orb Guardian hits you.
You climb upwards.
There is a stone staircase leading down here.
The Orb Guardian hits you!
A briar patch grows up from the ground. x4; You feel slightly more hungry.
The Orb Guardian is struck by your spines.
The Orb Guardian hits you but does no damage.
You walk carefully through the plants.
The Orb Guardian is struck by your spines.
The Orb Guardian hits you but does no damage.
The Orb Guardian is struck by your briar patch's thorns.
The Orb Guardian hits your briar patch!!
The Orb Guardian is struck by your briar patch's thorns.
The Orb Guardian hits your briar patch!
There is a stone staircase leading up here.
The Orb Guardian hits your briar patch!
You climb upwards.
Your summoned allies are left behind.
There is a stone staircase leading down here.
(D) Dungeon (T) Temple (L) Lair (A) Shoals (N) Spider Nest (M) Slime Pits (O) Orcish Mines (E) Elven Halls (V) Vaults (C) Crypt (U) Depths (H) Hell (Z) Zot
Where to? (Enter - D:1 @ (x,y), ? - help)
A demonic crawler comes into view.
The demonic crawler gives a hideous shriek!
You slash the demonic crawler! You headbutt the demonic crawler!
The demonic crawler is heavily wounded.
The demonic crawler is struck by your spines.
The demonic crawler hits you but does no damage.
The demonic crawler barely misses you.
The demonic crawler hits you but does no damage.
You slice the demonic crawler!!
You kill the demonic crawler!
Fedhas accepts your kill.
You see here a demonic crawler corpse.
(D) Dungeon (T) Temple (L) Lair (A) Shoals (N) Spider Nest (M) Slime Pits (O) Orcish Mines (E) Elven Halls (V) Vaults (C) Crypt (U) Depths (H) Hell (Z) Zot
Where to? (Enter - D:1 @ (x,y), ? - help)
Things that are here:
a cursed +0 leather armour; 5 boomerangs; a cursed -3 hand axe HP restored.
There is a stone staircase leading up here.
You climb upwards.
A Hell Sentinel comes into view.
There is a stone staircase leading down here.
There is an open door, spattered with blood here.
You close the door.
A Hell Sentinel opens the door.
You see here a +0 chain mail.
There is a stone staircase leading up, spattered with blood here.
You climb upwards.
Level annotation: 3 runed translucent doors, exclusion: 3 doors, RedPan's ghost, amateur DrIE
There is a stone staircase leading down here.
(D) Dungeon (T) Temple (L) Lair (A) Shoals (N) Spider Nest (M) Slime Pits (O) Orcish Mines (E) Elven Halls (V) Vaults (C) Crypt (U) Depths (H) Hell (Z) Zot
Where to? (Enter - D:1 @ (x,y), ? - help)
There is a stone staircase leading up, spattered with blood here.
You climb upwards.
There is a stone staircase leading down here.
An Orb Guardian comes into view.
The Orb Guardian moves out of view.
There is a stone staircase leading up here.
You climb upwards.
There is a stone staircase leading down here.
(D) Dungeon (T) Temple (L) Lair (A) Shoals (N) Spider Nest (M) Slime Pits (O) Orcish Mines (E) Elven Halls (V) Vaults (C) Crypt (U) Depths (H) Hell (Z) Zot
Where to? (Enter - D:1 @ (x,y), ? - help)
Okay, then.
Evoke which item? (* to show all) (? for menu, Esc to quit)
Aiming: Dig
Press: ? - help, Shift-Dir - straight line A rock wall.
This square is covered in magical glow.
The rock shatters into small pieces.
An Orb Guardian comes into view.
The Orb Guardian moves out of view.
There is a stone staircase leading up here.
You climb upwards.
There is a stone staircase leading down here.
There is a stone staircase leading up here.
You climb upwards.
There is a stone staircase leading down here.
There is a staircase leading out of the dungeon here.
You have escaped!

##.############
#.##)###...... #.#####
#.###.#....... #.....# ###
##.#..#### ####### #.#..# #
#.#..# # ♣♣♣♣♣ #.#..# #
♣♣♣♣.♣.♣ #....# # ######
#♣♣♣♣♣.♣...♣♣♣♣ #.#.## #
.....###..♣♣....@....♣♣♣###.#
#
.###.#......♣♣♣...♣.♣.♣.###.#
# .#
#...#♣♣.....♣♣.>♣.♣....#.# #
.###.### ♣♣♣♣♣♣♣♣♣♣..♣♣.....#
.....# ♣♣♣♣♣.###.# ##.### ♣♣#
#.# #.# ###.# #.# #...# #>#
### #####


There were no monsters in sight!

Vanquished Creatures
  3 orbs of fire (Zot:5)
  Mara (Depths:4)
  7 ancient liches (Zot:5)
  2 juggernauts (Depths:4)
  A Killer Klown (Zot:5)
  A curse toe (Zot:5)
  5 caustic shrikes (Depths:4)
  5 golden dragons
  2 electric golems (Zot:5)
  11 tentacled monstrosities
  Jorgrun (Spider:3)
  18 Orb Guardians
  A deep elf blademaster (Elf:3)
  2 liches
  3 quicksilver dragons
  8 titans
  A deep elf master archer (Elf:3)
  2 death cobs (Zot:5)
  An Executioner (Depths:1)
  9 sphinxes
  A kraken (Shoals:1)
  3 shadow dragons
  9 storm dragons
  Roxanne (Spider:3)
  Agnes (D:14)
  9 tengu reavers
  5 fire giants
  5 draconian monks
  5 deep elf sorcerers
  15 vault wardens
  3 ghost moths
  14 frost giants
  A draconian scorcher (Depths:5)
  6 emperor scorpions
  An orc warlord (Elf:3)
  A draconian knight (Zot:5)
  A caustic shrike zombie (Depths:1)
  An iron dragon (Depths:4)
  A draconian shifter (Zot:2)
  Aizul (Vaults:3)
  A draconian annihilator (Zot:5)
  A deep elf elementalist (Elf:1)
  5 spriggan defenders
  4 draconian stormcallers (Zot:2)
  6 entropy weavers
  7 ironheart preservers
  26 very ugly things
  15 stone giants
  3 vampire knights (Depths:3)
  2 war gargoyles (Vaults:5)
  12 deep elf demonologists
  7 black draconians
  A minotaur (shapeshifter) (Vaults:2)
  5 green draconians
  5 red draconians
  4 yellow draconians
  2 spark wasps
  A dire elephant (Lair:6)
  5 purple draconians
  4 deep elf annihilators
  2 pale draconians (Depths:5)
  A white draconian (Zot:5)
  6 deep elf death magi
  Snorg (Lair:4)
  11 fire dragons
  5 great orbs of eyes
  10 ettins
  30 vault guards
  3 merfolk impalers
  14 yaktaur captains
  A jiangshi (Depths:3)
  5 deep elf high priests
  7 rakshasas
  Harold (D:8)
  8 spriggan air magi
  11 ice dragons
  12 hydras
  Erica (D:10)
  A merfolk avatar (Shoals:3)
  25 two-headed ogres
  A merfolk aquamancer (Shoals:4)
  11 centaur warriors
  11 ogre magi
  2 satyrs
  15 dancing weapons
  2 vampire magi (Depths:3)
  5 deep troll shamans
  3 tengu warriors
  3 death yaks (Lair:6)
  A catoblepas (D:13)
  9 orc high priests
  3 deep troll earth magi
  2 spriggan berserkers (Depths:4)
  A hell knight (Depths:3)
  Nergalle (Orc:1)
  A sixfirhy (Orc:2)
  A sun demon (Orc:2)
  4 shadow wraiths
  21 deep elf knights
  7 sea snakes
  5 skeletal warriors (D:15)
  3 iron trolls
  A spark wasp zombie (Depths:3)
  8 deep trolls
  4 unseen horrors
  An obsidian statue (Zot:5)
  6 glowing orange brains
  A swamp dragon (shapeshifter) (Vaults:2)
  A deep troll (shapeshifter) (Vaults:3)
  10 deep elf archers
  An infernal demonspawn (Orc:2)
  15 ironbrand convokers
  Pikel (D:8)
  A death drake (shapeshifter) (Vaults:5)
  3 flayed ghosts
  A torturous demonspawn (Orc:2)
  2 lindwurms
  7 wizards
  2 harpies (shapeshifter)
  5 necromancers
  12 harpies
  22 orc knights
  9 orb spiders
  A lindwurm (shapeshifter) (Depths:5)
  56 deep elf magi
  A tengu zombie (Vaults:3)
  4 phantasmal warriors
  25 wolf spiders
  46 ugly things
  6 orc sorcerers
  20 fauns
  5 moths of wrath
  7 cyclopes
  6 elephants
  13 manticores
  2 stone giant zombies (Depths:1)
  A black mamba (shapeshifter) (Vaults:1)
  A stone giant skeleton (Vaults:3)
  An eye of devastation (shapeshifter) (Vaults:5)
  A moth of wrath (shapeshifter) (Depths:3)
  12 vault sentinels
  9 merfolk sirens
  9 black mambas
  A fire giant skeleton (Depths:1)
  A water nymph (Shoals:4)
  2 guardian serpents (shapeshifter) (Vaults:4)
  An ice statue (IceCv)
  A torpor snail (shapeshifter) (Vaults:3)
  A gargoyle (D:11)
  A torpor snail (Spider:3)
  13 spiny frogs
  A storm dragon simulacrum (Vaults:3)
  2 kobold demonologists
  6 rime drakes
  A yaktaur (shapeshifter) (Depths:3)
  44 yaktaurs
  A hellwing (Orc:2)
  3 small abominations
  4 komodo dragons
  14 demonic crawlers
  A freezing wraith (Vaults:3)
  2 ice devils (Orc:2)
  22 merfolk
  A yaktaur skeleton (Vaults:3)
  7 trolls
  16 jumping spiders
  3 wind drakes
  9 hornets
  A polar bear (Lair:5)
  Prince Ribbit (D:5)
  A wind drake (shapeshifter) (Vaults:2)
  2 polar bears (shapeshifter)
  25 slime creatures
  A hornet (shapeshifter) (Vaults:5)
  8 snapping turtles
  6 blink frogs
  12 hippogriffs
  2 human simulacra
  A harpy skeleton (D:15)
  A wolf spider simulacrum (D:15)
  An ettin skeleton (Vaults:3)
  10 dream sheep
  An air elemental (Elf:1)
  2 tarantellas (shapeshifter)
  5 spriggans
  An ice dragon zombie (Depths:1)
  75 redbacks
  18 tarantellas
  16 water elementals
  A redback (shapeshifter) (Depths:3)
  5 wyverns
  3 wraiths (Depths:2)
  34 yaks
  2 shadows
  2 humans (shapeshifter)
  A golden eye (shapeshifter) (Vaults:4)
  A hungry ghost (D:13)
  20 humans (D:13)
  4 basilisks
  A yaktaur simulacrum (Depths:1)
  3 steam dragons (Depths:5)
  6 vampire mosquitoes (Spider:1)
  6 acid dragons
  A soldier ant (D:15)
  8 water moccasins
  9 wargs
  2 deep troll skeletons
  A water moccasin (shapeshifter) (Elf:1)
  9 hell hounds
  10 porcupines
  A floating eye (shapeshifter) (Depths:3)
  A black bear (D:8)
  59 orc warriors
  7 sky beasts
  A slave (D:8)
  10 ice beasts
  A black bear (shapeshifter) (Depths:3)
  An ettin simulacrum (Depths:1)
  2 eyes of draining
  A necrophage (D:13)
  8 wolves
  2 phantoms
  13 boggarts
  30 ogres
  15 crocodiles
  19 centaurs
  4 big kobolds
  25 bullfrogs
  4 earth elementals
  A wyvern zombie (D:13)
  A tengu simulacrum (Depths:1)
  2 scorpions
  2 killer bees (D:8)
  A wight (D:8)
  4 howler monkeys
  9 electric eels
  8 crimson imps
  5 centaur zombies
  8 jellies
  3 quasits
  7 hounds
  7 centaur skeletons
  39 orc priests
  3 bullfrog skeletons
  34 orc wizards
  An iguana (D:9)
  6 worker ants
  2 hound zombies
  A hound skeleton (D:8)
  2 worker ant zombies
  6 adders
  8 gnolls
  2 shadow imps
  5 oozes (D:11)
  An adder zombie (D:5)
  2 worms
  2 dart slugs (D:2)
  3 leopard geckos
  111 orcs
  2 ball pythons
  3 giant cockroaches
  8 goblins
  13 hobgoblins
  2 jackals (D:6)
  22 kobolds
  4 quokkas
  5 bats
  3 frilled lizards
  A jackal skeleton (D:8)
  9 rats
  A ballistomycete spore (Vaults:4)
  A crawling corpse (Elf:1)
  3 tentacles (Shoals:1)
1934 creatures vanquished.

Vanquished Creatures (collateral kills)
  A juggernaut (Depths:4)
  A Killer Klown (Zot:5)
  4 caustic shrikes (Depths:4)
  Saint Roka (Depths:2)
  Nikola (Spider:1)
  Arachne (Spider:3)
  A tentacled monstrosity (Vaults:5)
  2 liches
  6 Orb Guardians (Zot:5)
  A titan (Vaults:5)
  2 deep elf blademasters
  Polyphemus (Shoals:4)
  A deep elf master archer (Elf:3)
  A sphinx (Vaults:5)
  2 shadow dragons
  A storm dragon (Depths:4)
  6 tengu reavers
  Donald (Shoals:4)
  3 vault wardens
  Louise (Shoals:4)
  3 deep elf sorcerers
  An emperor scorpion (Spider:4)
  A war gargoyle (Vaults:5)
  2 stone giants
  3 entropy weavers
  An ironheart preserver (Vaults:5)
  A deep elf demonologist (Depths:3)
  A deep elf annihilator (Elf:3)
  A spark wasp (Depths:4)
  An orange crystal statue (WizLab)
  2 red draconians (Zot:5)
  A merfolk javelineer (Shoals:4)
  A deep elf death mage (Elf:3)
  An ettin (Depths:4)
  3 fire dragons
  A merfolk impaler (Shoals:4)
  A jiangshi (Depths:3)
  5 yaktaur captains (Vaults:5)
  A deep elf high priest (Elf:3)
  A spriggan air mage (Depths:4)
  A catoblepas (Shoals:4)
  2 merfolk avatars (Shoals:4)
  6 vault guards (Vaults:5)
  A two-headed ogre (Depths:4)
  A centaur warrior (Depths:3)
  An ogre mage (Depths:3)
  3 death yaks (Shoals:4)
  A small abomination (Vaults:5)
  2 flayed ghosts
  2 phantasmal warriors
  A harpy (Shoals:4)
  An orc knight (Vaults:5)
  An ironbrand convoker (Vaults:1)
  2 fauns (Shoals:4)
  2 wolf spiders (Spider:4)
  A manticore (D:14)
  A deep elf mage (Vaults:5)
  3 orb spiders
  An orc sorcerer (Depths:2)
  A water nymph (shapeshifter) (Depths:3)
  A moth of wrath (Zot:2)
  A water nymph (Shoals:4)
  2 merfolk sirens (Shoals:4)
  3 vault sentinels (Vaults:5)
  A torpor snail (shapeshifter) (Depths:4)
  2 ice statues (IceCv)
  7 yaktaurs
  5 merfolk (Shoals:4)
  3 jumping spiders
  A snapping turtle (Shoals:4)
  A blink frog (Lair:6)
  2 redbacks
  A human (shapeshifter) (D:14)
  2 tarantellas
  A wraith (D:14)
  2 orc warriors (Depths:2)
  An ogre (D:15)
  A centaur (Vaults:1)
  2 bullfrogs (D:14)
  A hound (D:14)
  An orc priest (D:14)
  A worker ant (D:14)
  A worm (shapeshifter) (Depths:3)
  7 orcs
  A bat (shapeshifter) (Vaults:5)
  69 ballistomycete spores
  2 crawling corpses (Elf:3)
226 creatures vanquished.

Vanquished Creatures (others)
  A draconian scorcher (Zot:2)
  A centaur warrior (D:13)
  An unseen horror (Vaults:1)
  A deep troll (Depths:1)
  A necromancer (D:15)
  A faun (Shoals:1)
  A jumping spider (Spider:3)
  A redback (Spider:1)
  A fire elemental (Elf:1)
  An orc warrior (Vaults:4)
  2 slaves (D:8)
  2 killer bees (D:8)
  A ball lightning (Zot:5)
  An orc (D:8)
  4 ballistomycete spores
  17 fungi
  38 plants
  6 tentacles (Shoals:1)
81 creatures vanquished.

Grand Total: 2241 creatures vanquished

Notes
Turn   | Place    | Note
-------+----------+-------------------------------------------
     0 | D:1      | EnegeticOcto the Demonspawn Monk began the quest for the
                  | Orb.
     0 | D:1      | Reached XP level 1. HP: 18/18 MP: 1/1
   299 | D:1      | Gained mutation: You are partially covered in sharp spines.
                  | [demonic ancestry]
   299 | D:1      | Reached XP level 2. HP: 24/24 MP: 2/2
  1089 | D:2      | Gained mutation: You are partially covered in thin metallic
                  | scales. (AC +2) [demonic ancestry]
  1089 | D:2      | Reached XP level 3. HP: 27/29 MP: 3/3
  2557 | D:3      | Gained mutation: You have a pair of small horns on your
                  | head. [demonic ancestry]
  2557 | D:3      | Reached XP level 4. HP: 35/35 MP: 4/4
  2987 | D:4      | Found Niklaiti's Food Shop.
  2997 | D:3      | Gained mutation: When hurt, damage is shared between your
                  | health and your magic reserves. [demonic ancestry]
  2997 | D:3      | Reached XP level 5. HP: 42/42 MP: 5/5
  3114 | D:4      | Noticed an ogre
  3366 | D:4      | Reached skill level 1 in Armour
  3366 | D:4      | Reached XP level 6. HP: 47/48 MP: 6/6
  3587 | D:3      | Reached skill level 5 in Polearms
  3938 | D:4      | Found an iron altar of Okawaru.
  4260 | D:4      | Found a bloodstained altar of Trog.
  4270 | D:4      | Reached XP level 7. HP: 55/55 MP: 5/7
  4501 | D:5      | Entered Level 5 of the Dungeon
  4502 | D:5      | Found a runed translucent gate.
  4507 | D:5      | Found a runed translucent gate.
  4507 | D:5      | Found a runed translucent gate.
  4509 | D:5      | Noticed RedPan's ghost (amateur DrIE)
  4519 | D:5      | Found Bedducy's Distillery.
  4526 | D:5      | Bought 2 potions of berserk rage for 100 gold pieces
  4526 | D:5      | Bought 2 potions of lignification for 60 gold pieces
  4662 | D:5      | Reached skill level 5 in Fighting
  5035 | D:5      | Reached XP level 8. HP: 33/63 MP: 4/8
  5357 | D:5      | Noticed Prince Ribbit
  5598 | D:5      | Killed Prince Ribbit
  6948 | D:6      | Gained mutation: You have a pair of horns on your head.
                  | [demonic ancestry]
  6948 | D:6      | Reached XP level 9. HP: 62/71 MP: 9/9
  7323 | D:6      | Found a staircase to the Ecumenical Temple.
  7334 | Temple   | Entered the Ecumenical Temple
  7382 | Temple   | Became a worshipper of Fedhas Madash
  7382 | Temple   | Reached * piety under Fedhas
  7382 | Temple   | Reached ** piety under Fedhas
  7712 | D:7      | Reached skill level 1 in Invocations
  8268 | D:7      | Reached skill level 2 in Invocations
  8473 | D:8      | Reached skill level 3 in Invocations
  8491 | D:8      | Found a staircase to the Lair.
  8523 | D:8      | Reached skill level 4 in Invocations
  8744 | D:8      | Noticed Harold
  8795 | D:8      | Killed Harold
  8795 | D:8      | Reached skill level 10 in Polearms
  8795 | D:8      | Reached skill level 5 in Invocations
  8795 | D:8      | Reached XP level 10. HP: 49/80 MP: 8/13
  9143 | D:8      | Noticed Pikel
  9162 | D:8      | Killed Pikel
  9162 | D:8      | Reached *** piety under Fedhas
  9373 | D:8      | Noticed a white ugly thing
  9378 | D:8      | Reached skill level 6 in Invocations
  9389 | D:8      | Killed a white ugly thing
 10283 | D:9      | Reached skill level 7 in Invocations
 10729 | D:10     | Entered Level 10 of the Dungeon
 10943 | D:10     | Reached **** piety under Fedhas
 11497 | D:10     | Noticed an unseen horror
 11498 | D:10     | Killed an unseen horror
 11498 | D:10     | Gained mutation: You are mostly covered in thin metallic
                  | scales. (AC +3) [demonic ancestry]
 11498 | D:10     | Reached XP level 11. HP: 89/89 MP: 16/16
 11573 | D:10     | Noticed Erica
 11591 | D:10     | Killed Erica
 11591 | D:10     | Reached skill level 8 in Invocations
 11977 | D:10     | Found a stormy altar of Qazlal.
 12117 | D:11     | Noticed a two-headed ogre
 12127 | D:11     | Killed a two-headed ogre
 12227 | D:11     | Noticed a centaur warrior
 12242 | D:11     | Killed a centaur warrior
 12547 | D:11     | Identified the +2 war axe of Imbalance {flame, Stlth+}
 12890 | D:11     | Found a roughly hewn altar of Beogh.
 12890 | D:11     | Found a staircase to the Orcish Mines.
 12890 | D:11     | Noticed an orc knight
 12920 | D:11     | Killed an orc knight
 12920 | D:11     | Reached skill level 9 in Invocations
 13067 | D:11     | Noticed an orc knight
 13086 | D:11     | Killed an orc knight
 13086 | D:11     | Reached skill level 10 in Fighting
 13086 | D:11     | Reached skill level 1 in Evocations
 13842 | D:5      | Bought a potion of haste for 100 gold pieces
 13842 | D:5      | Bought a potion of degeneration for 10 gold pieces
 13933 | Lair:1   | Entered Level 1 of the Lair of Beasts
 13943 | Lair:1   | Reached ***** piety under Fedhas
 14035 | Lair:1   | Noticed a six-headed hydra
 14041 | Lair:1   | Killed a three-headed hydra
 14145 | Lair:1   | Noticed a six-headed hydra
 14156 | Lair:1   | Killed a three-headed hydra
 14731 | Lair:1   | Gained mutation: You are mostly covered in sharp spines.
                  | [demonic ancestry]
 14731 | Lair:1   | Reached XP level 12. HP: 93/97 MP: 17/19
 15213 | Lair:1   | Reached skill level 5 in Armour
 15821 | Lair:2   | Reached skill level 10 in Invocations
 16027 | Lair:2   | Noticed a five-headed hydra
 16038 | Lair:2   | Killed a one-headed hydra
 16320 | Lair:2   | Noticed an eight-headed hydra
 16330 | Lair:2   | Killed a six-headed hydra
 17630 | Lair:3   | Found a glowing golden altar of the Shining One.
 17855 | Lair:4   | Found a hole to the Spider Nest.
 18372 | Lair:4   | Noticed Snorg
 18379 | Lair:4   | Killed Snorg
 18390 | Lair:4   | Noticed Nessos
 18392 | Lair:4   | Noticed Nessos
 18392 | Lair:4   | Nessos changed into Nessos the sea snake
 18416 | Lair:4   | Killed Nessos the sea snake
 18416 | Lair:4   | Reached skill level 5 in Dodging
 19147 | Lair:4   | Found a staircase to the Shoals.
 19711 | Lair:5   | Found a frozen archway.
 19716 | IceCv    | Entered an ice cave
 19734 | IceCv    | Gained mutation: You are completely covered in thin
                  | metallic scales. (AC +4, rElec) [demonic ancestry]
 19734 | IceCv    | Reached XP level 13. HP: 84/105 MP: 16/21
 19897 | IceCv    | Got a faintly glowing hunting sling
 19898 | IceCv    | Identified the +1 hunting sling of Weitom {freeze, *Drain
                  | rPois MR++ Int+3} (You found it in an ice cave)
 20052 | IceCv    | Reached skill level 11 in Invocations
 20634 | Lair:5   | You fall into a shaft and drop 1 floor!
 20634 | Lair:6   | Entered Level 6 of the Lair of Beasts
 21074 | Lair:6   | Found a staircase to the Slime Pits.
 22863 | Lair:6   | Noticed a dire elephant
 22891 | Lair:6   | Killed a dire elephant
 23209 | Lair:6   | Reached skill level 12 in Invocations
 24100 | Lair:5   | Gained mutation: You regenerate magic rapidly. [demonic
                  | ancestry]
 24100 | Lair:5   | Reached XP level 14. HP: 102/114 MP: 19/23
 26072 | D:13     | Reached skill level 13 in Invocations
 26166 | D:13     | Found a gate to the Vaults.
 26403 | D:13     | Identified the +5 short sword "Sistroh" {pierce, rF+ rN+
                  | MR+ Int+2} (You found it on level 13 of the Dungeon)
 27110 | D:13     | Got a wavering copper ring
 27290 | D:13     | Identified the ring "Irphau" {rC+ rN+ Str+3 SInv} (You
                  | found it on level 13 of the Dungeon)
 27378 | Orc:1    | Entered Level 1 of the Orcish Mines
 27438 | Orc:1    | Noticed Nergalle
 27450 | Orc:1    | Killed Nergalle
 27636 | Orc:1    | Reached ****** piety under Fedhas
 28112 | Orc:2    | Entered Level 2 of the Orcish Mines
 28483 | Orc:2    | Found Tafahav's Food Emporium.
 28795 | Orc:2    | Found Bisoagg's Magic Scroll Shoppe.
 28947 | Orc:2    | Bought a scroll of fog for 24 gold pieces
 28947 | Orc:2    | Bought a scroll of fear for 42 gold pieces
 29046 | Orc:2    | Found a roughly hewn altar of Beogh.
 29047 | Orc:2    | Found a staircase to the Elven Halls.
 29861 | Orc:2    | Gained mutation: You are dopey. (Int -2) [a neqoxec]
 29972 | Orc:1    | Reached skill level 14 in Invocations
 30514 | Orc:2    | Reached XP level 15. HP: 97/122 MP: 21/25
 30829 | Orc:2    | Paralysed by an orc sorcerer for 3 turns
 30971 | Orc:2    | Found Behic's Book Shop.
 30971 | Orc:2    | Found a one-way gate leading to the halls of Pandemonium.
 30971 | Orc:2    | Found Yjirato's Antique Weapon Boutique.
 31123 | D:14     | Found Vumafetu's Book Boutique.
 31123 | D:14     | Noticed Agnes
 31132 | D:14     | Killed Agnes
 31798 | D:14     | Reached skill level 1 in Staves
 32028 | D:15     | Entered Level 15 of the Dungeon
 32224 | D:15     | Reached skill level 10 in Armour
 32980 | D:15     | Found a staircase to the Depths.
 33178 | D:15     | Reached skill level 15 in Invocations
 33260 | D:15     | Found an opulent altar of Gozag.
 33845 | D:15     | Reached skill level 10 in Dodging
 34113 | Spider:1 | Entered Level 1 of the Spider Nest
 34536 | Spider:1 | Noticed Nikola
 35462 | Spider:1 | Killed Nikola
 35462 | Spider:1 | Reached XP level 16. HP: 100/132 MP: 17/27
 35812 | Spider:1 | Identified the cursed +1 chain mail of Pragmatism {Str+4
                  | Stlth+} (You found it on level 1 of the Spider Nest)
 36711 | Spider:2 | Found a runed translucent door.
 36712 | Spider:2 | Noticed Kolostyj's ghost (adept OpWn)
 37295 | Spider:2 | Reached skill level 1 in Bows
 37591 | Spider:3 | Noticed Jorgrun
 37598 | Spider:3 | Killed Jorgrun
 37767 | Spider:3 | Identified Roxanne's Catalogue of Earth
 37767 | Spider:3 | Noticed Roxanne
 37782 | Spider:3 | Killed Roxanne
 37782 | Spider:3 | Reached skill level 5 in Staves
 37853 | Spider:3 | Noticed Arachne
 37872 | Spider:3 | Killed Arachne
 38721 | Spider:3 | Reached skill level 5 in Evocations
 39090 | Spider:3 | Identified the +8 plate armour of Ogaucvai {Slay+3} (You
                  | found it on level 3 of the Spider Nest)
 39148 | Spider:4 | Entered Level 4 of the Spider Nest
 39594 | Spider:4 | Reached skill level 16 in Invocations
 40685 | Spider:4 | Got a gossamer rune of Zot
 40958 | Shoals:1 | Entered Level 1 of the Shoals
 41006 | Shoals:1 | Gained mutation: Your flesh is heat resistant. (rF+)
                  | [demonic ancestry]
 41006 | Shoals:1 | Reached XP level 17. HP: 137/139 MP: 29/29
 41639 | Shoals:1 | Noticed a kraken
 41659 | Shoals:1 | Killed a kraken
 41957 | Shoals:2 | Identified the amulet "Zevup" {RegenMP *Drain rF+ Int+4}
                  | (You found it on level 2 of the Shoals)
 42314 | Shoals:2 | Found Toafuuse's Armour Shoppe.
 44065 | Shoals:4 | Entered Level 4 of the Shoals
 44078 | Shoals:4 | Noticed Donald
 44092 | Shoals:4 | Killed Donald
 44340 | Shoals:4 | Noticed Polyphemus
 44357 | Shoals:4 | Killed Polyphemus
 44362 | Shoals:4 | Noticed Louise
 44375 | Shoals:4 | Killed Louise
 45647 | Shoals:4 | Got a barnacled rune of Zot
 46074 | Elf:1    | Entered Level 1 of the Elven Halls
 46174 | Elf:1    | Reached skill level 5 in Bows
 46591 | Elf:1    | Gained mutation: You are immune to clouds of flame.
                  | [demonic ancestry]
 46591 | Elf:1    | Reached XP level 18. HP: 98/148 MP: 24/30
 47195 | Elf:1    | You fall into a shaft and drop 1 floor!
 47227 | Elf:2    | Reached skill level 17 in Invocations
 47494 | Elf:2    | Reached skill level 15 in Fighting
 47705 | Elf:2    | Found a runed translucent gate.
 47705 | Elf:2    | Found a runed translucent gate.
 47705 | Elf:2    | Found a runed translucent gate.
 47818 | Elf:2    | Found a magical portal.
 47964 | WizLab   | Found the +9 staff of Wucad Mu {channel}
 47980 | WizLab   | Reached skill level 10 in Staves
 48554 | Elf:2    | Reached XP level 19. HP: 155/155 MP: 31/31
 49048 | Elf:3    | Entered Level 3 of the Elven Halls
 50383 | Elf:3    | Identified the +8 eveningstar of the Rat {crush, rPois
                  | Str+6 Int+6}
 50531 | Elf:3    | Identified the +1 scale mail of Agnosticism {*Corrode MP+9
                  | Str+4 Stlth+}
 50618 | Elf:3    | Identified the cursed +0 leather armour of the Sky {Str+3}
 51254 | Elf:3    | Identified the Disquisition on Summoning and Air
 51648 | Elf:3    | Identified the +8 shortbow of Wu Jian's Regard {velocity,
                  | rElec Dex+4} (You found it on level 3 of the Elven Halls)
 51943 | Vaults:1 | Entered Level 1 of the Vaults
 51947 | Vaults:1 | Gained mutation: You are completely covered in sharp
                  | spines. [demonic ancestry]
 51947 | Vaults:1 | Reached XP level 20. HP: 162/162 MP: 32/32
 53440 | Vaults:1 | Found Moymmej's Book Shoppe.
 53955 | Vaults:1 | Reached skill level 18 in Invocations
 54017 | Vaults:1 | Learned a level 1 spell: Apportation
 54020 | Vaults:1 | Learned a level 2 spell: Swiftness
 54063 | Vaults:2 | Found Inwunaja's Distillery.
 54084 | Vaults:2 | Bought a potion of curing for 42 gold pieces
 54084 | Vaults:2 | Bought a potion of curing for 42 gold pieces
 54084 | Vaults:2 | Bought a potion of curing for 42 gold pieces
 54084 | Vaults:2 | Bought a potion of heal wounds for 70 gold pieces
 54084 | Vaults:2 | Bought a potion of heal wounds for 70 gold pieces
 54084 | Vaults:2 | Bought a potion of curing for 42 gold pieces
 54084 | Vaults:2 | Bought a potion of agility for 56 gold pieces
 54084 | Vaults:2 | Bought 2 potions of might for 112 gold pieces
 54084 | Vaults:2 | Bought a potion of haste for 140 gold pieces
 54220 | Vaults:2 | Found Xoadofui's Distillery.
 54251 | Vaults:2 | Bought a potion of might for 48 gold pieces
 54251 | Vaults:2 | Bought a potion of heal wounds for 60 gold pieces
 54251 | Vaults:2 | Bought a potion of agility for 48 gold pieces
 54251 | Vaults:2 | Bought a potion of agility for 48 gold pieces
 54251 | Vaults:2 | Bought a potion of curing for 36 gold pieces
 54251 | Vaults:2 | Bought a potion of curing for 36 gold pieces
 54251 | Vaults:2 | Bought a potion of curing for 36 gold pieces
 54251 | Vaults:2 | Bought a potion of resistance for 120 gold pieces
 54251 | Vaults:2 | Bought a potion of haste for 120 gold pieces
 54451 | Vaults:2 | Found Idduniown's Book Boutique.
 55299 | Vaults:2 | Gained mutation: Your magical capacity is low. (-10% MP) [a
                  | cacodemon]
 55467 | Vaults:2 | Found a staircase to the Crypt.
 55626 | Vaults:2 | Found Doaqos's Antique Armour Boutique.
 55638 | Vaults:2 | Found Joshoilo's Weapon Boutique.
 55781 | Vaults:3 | Reached skill level 15 in Armour
 55896 | Vaults:3 | Reached skill level 10 in Evocations
 56029 | Vaults:3 | Noticed Aizul
 56038 | Vaults:3 | Killed Aizul
 56038 | Vaults:3 | Gained mutation: You have a pair of large horns on your
                  | head. [demonic ancestry]
 56038 | Vaults:3 | Reached XP level 21. HP: 171/171 MP: 26/30
 57419 | Vaults:3 | Found Daushra's Gadget Boutique.
 57794 | Vaults:4 | Reached skill level 19 in Invocations
 59374 | Depths:1 | Entered Level 1 of the Depths
 59374 | Depths:1 | Found Busyplom's Armour Shop.
 59965 | Depths:1 | Found a gateway to Hell.
 60281 | Depths:1 | Found a gateway to a ziggurat.
 60522 | Depths:2 | Noticed Saint Roka
 60561 | Depths:2 | Killed Saint Roka
 60778 | Depths:2 | Gained mutation: You can hurl damnation. [demonic ancestry]
 60778 | Depths:2 | Reached XP level 22. HP: 97/180 MP: 23/32
 61490 | Depths:2 | Reached skill level 10 in Bows
 61794 | Depths:3 | Identified the ring "Qeniaci" {rElec MR+ Stlth+}
 62427 | Depths:3 | Reached skill level 20 in Invocations
 62602 | Depths:3 | Noticed a golden dragon
 62616 | Depths:3 | Killed a golden dragon
 63764 | Depths:3 | Got a brightly glowing cloak
 63765 | Depths:3 | Identified the +2 cloak of the Demon Prince {rF+++ rN+ MP+9
                  | Str-3} (You found it on level 3 of the Depths)
 64050 | Depths:4 | Found a corrupted altar of Lugonu.
 64050 | Depths:4 | Found a one-way gate to the infinite horrors of the Abyss.
 64425 | Depths:4 | Noticed a juggernaut
 64436 | Depths:4 | Killed a juggernaut
 64437 | Depths:4 | Noticed a juggernaut
 64454 | Depths:4 | Killed a juggernaut
 64461 | Depths:4 | Noticed a golden dragon
 64482 | Depths:4 | Reached XP level 23. HP: 188/188 MP: 28/33
 65123 | Depths:4 | Noticed a caustic shrike
 65136 | Depths:4 | Killed a caustic shrike
 65197 | Depths:4 | Noticed a caustic shrike
 65199 | Depths:4 | Noticed a caustic shrike
 65200 | Depths:4 | Noticed a caustic shrike
 65201 | Depths:4 | Noticed a caustic shrike
 65204 | Depths:4 | Killed a caustic shrike
 65208 | Depths:4 | Killed a caustic shrike
 65209 | Depths:4 | Killed a caustic shrike
 65212 | Depths:4 | Killed a caustic shrike
 65265 | Depths:4 | Reached skill level 21 in Invocations
 65454 | Depths:4 | Reached skill level 15 in Dodging
 65582 | Depths:4 | Identified the +12 scimitar "Degopn" {slice, *Corrode rC+
                  | Int+2 Dex+4}
 65621 | Depths:4 | Noticed a caustic shrike
 65624 | Depths:4 | Noticed a caustic shrike
 65626 | Depths:4 | Killed a caustic shrike
 65630 | Depths:4 | Killed a caustic shrike
 65634 | Depths:4 | Noticed a caustic shrike
 65639 | Depths:4 | Killed a caustic shrike
 65721 | Depths:4 | Noticed a caustic shrike
 65727 | Depths:4 | Killed a caustic shrike
 66022 | Depths:4 | Noticed a juggernaut
 66043 | Depths:4 | Killed a juggernaut
 66751 | Depths:4 | Noticed Mara
 66760 | Depths:4 | Noticed EnegeticOcto's illusion
 66776 | Depths:4 | Killed Mara
 67359 | Depths:5 | Entered Level 5 of the Depths
 67735 | Depths:5 | Found a runed translucent door.
 68245 | Depths:5 | Reached XP level 24. HP: 183/199 MP: 32/34
 68661 | Depths:5 | Found a gate to the Realm of Zot.
 69496 | Vaults:5 | Entered Level 5 of the Vaults
 69589 | Vaults:5 | Identified the ring of Heopt {rPois Str+2 Int+8 Dex-3
                  | Stlth-}
 69826 | Vaults:5 | Reached skill level 22 in Invocations
 69873 | Vaults:5 | Identified the Catalogue of Venomous Changing
 70537 | Vaults:5 | Got a silver rune of Zot
 70559 | Vaults:5 | Identified the Tome of the Evil Snowflakes
 70756 | Vaults:5 | Identified the ring "Kabrirchi" {rElec AC+3}
 70758 | Vaults:5 | Identified the cursed -3 shield of Benevolence {rC- Str+4
                  | Int+3}
 71027 | Vaults:5 | Reached XP level 25. HP: 194/207 MP: 32/34
 71900 | Vaults:5 | Identified the cursed +2 mace of Ambiguity {crush, +Fly rC+
                  | Dex+5} (You found it on level 5 of the Vaults)
 72268 | Vaults:5 | Found Udifebam's Gadget Shop.
 72278 | Vaults:5 | Identified the ring "Inkui" {rPois rF+ Dex-5 Slay+3} (You
                  | found it on level 5 of the Vaults)
 72288 | Vaults:5 | Bought a wand of digging (3) for 266 gold pieces
 72288 | Vaults:5 | Bought a wand of scattershot (5) for 513 gold pieces
 72764 | Zot:1    | Entered Level 1 of the Realm of Zot
 73594 | Zot:2    | Reached skill level 23 in Invocations
 73613 | Zot:2    | Identified the Handbook of Toxins and Transmigration
 73752 | Zot:4    | Found a transporter.
 73760 | Zot:4    | Noticed an orb of fire
 73766 | Zot:4    | Identified the ring "Udarhuhuo" {+Fly rF+ rN+ Int-3} (You
                  | found it on level 4 of the Realm of Zot)
 73770 | Zot:4    | Identified the Guide on Ashen Toxins
 73778 | Zot:4    | Identified the ring of Fiereag {-Tele rC+ Str+3 Int+8} (You
                  | found it on level 4 of the Realm of Zot)
 73810 | Zot:5    | Entered Level 5 of the Realm of Zot
 73922 | Zot:5    | Noticed an ancient lich
 73948 | Zot:5    | Killed an ancient lich
 74002 | Zot:5    | Noticed an orb of fire
 74005 | Zot:5    | Lost mutation: Your magical capacity is low. (-10% MP) [an
                  | orb of fire]
 74017 | Zot:5    | Killed an orb of fire
 74023 | Zot:5    | Noticed an ancient lich
 74026 | Zot:5    | Killed an ancient lich
 74029 | Zot:5    | Noticed an ancient lich
 74035 | Zot:5    | Killed an ancient lich
 74047 | Zot:5    | Noticed an ancient lich
 74051 | Zot:5    | Killed an ancient lich
 74073 | Zot:5    | Noticed a Killer Klown
 74132 | Zot:5    | Killed a Killer Klown
 74254 | Zot:5    | Reached skill level 24 in Invocations
 74382 | Zot:5    | Gained mutation: When low on magic, you restore magic in
                  | place of health. [demonic ancestry]
 74382 | Zot:5    | Reached XP level 26. HP: 218/218 MP: 39/39
 74886 | Zot:5    | Noticed an ancient lich
 74895 | Zot:5    | Killed an ancient lich
 75576 | Zot:5    | Noticed an ancient lich
 75584 | Zot:5    | Killed an ancient lich
 76124 | Zot:5    | Noticed an ancient lich
 76133 | Zot:5    | Killed an ancient lich
 76251 | Zot:5    | Noticed an orb of fire
 76266 | Zot:5    | Killed an orb of fire
 76290 | Zot:5    | Noticed an orb of fire
 76295 | Zot:5    | Gained mutation: You are clumsy. (Dex -2) [an orb of fire]
 76309 | Zot:5    | Killed an orb of fire
 76544 | Zot:5    | Got the Orb of Zot
 77162 | D:$      | Escaped with the Orb!

Levels and vault maps discovered:
D:1:      roderic_dead_forest, layout_loops_ring
D:2:      layout_basic, minmay_stone_trees_medium
D:3:      layout_basic
D:4:      layout_rooms, okawaru_altar_gauntlet_db, first_ration, serial_shops,
          nicolae_shop_statue_plus, trog_hazing_becter
D:5:      layout_gridville, serial_shops, shop, gammafunk_ghost_nasty_kobolds,
          guppyfry_early_lair_pool, uniq_prince_ribbit1
D:6:      layout_basic, minmay_temple_entry_wispy
D:7:      layout_loops_ring, grunt_ministairs_3
D:8:      minmay_blocky_corners, layout_loops_ring, due_lair_maze_entry_diamond,
          uniq_pikel, uniq_harold
D:9:      layout_long_grid
D:10:     layout_basic, basic_altar, uniq_erica
D:11:     layout_roguey, david_orc_5, hangedman_little_slice_of_home
D:12:     layout_cave_pools, grunt_decor_fettered, kennysheep_generic_room_10
D:13:     layout_roguey, grunt_vaults_entry_tiered
D:14:     layout_rooms, serial_shops, shop, uniq_agnes
D:15:     grunt_enter_depths_magical_seal, layout_gridville, minivault_27,
          nicolae_gozag_seed_capital
Temple:   grunt_wide_crystal_templ
Lair:1:   layout_cave_pods
Lair:2:   layout_hall_layers, grunt_megastairs_2, infiniplex_staircase_pool
Lair:3:   layout_cave_pods, basic_altar
Lair:4:   layout_roguey, elwin_shoals_entry_rooms, dummy_spider_entry,
          lookout_lair_type, columned_hall_lemuel, uniq_nessos, uniq_snorg
Lair:5:   layout_cave_pods, portal_ice_cave_entry_pillars_2,
          serial_bayou_shore_a
Lair:6:   hangedman_lair_in_review, layout_small_grid,
          nicolae_slime_entry_slimehenge, minmay_lair_drake_nest,
          grunt_megastairs_1
Shoals:1: layout_shoals, nicolae_shoals_loop_pool
Shoals:2: layout_shoals, serial_shops, nicolae_shop_trees
Shoals:3: layout_shoals, nicolae_shoals_water_elemental_grotto
Shoals:4: shoals_end_grunt_garden, layout_shoals, ldierk_geyser,
          uniq_polyphemus, uniq_louise, uniq_donald
Spider:1: layout_spider_delve, einodemon_crawler_minivault, uniq_nikola
Spider:2: layout_spider_delve, gammafunk_ghost_grave
Spider:3: layout_spider_delve, uniq_jorgrun, uniq_roxanne, uniq_arachne
Spider:4: grunt_spider_rune_circles, hangedman_spider_mandibles,
          guppyfry_spider_mini_1
Orc:1:    layout_caves, uniq_nergalle
Orc:2:    pf_orc_diabolical, layout_caves, basic_altar
Elf:1:    eino_elf_arrival_sip, layout_rooms, minivault_28, grunt_megastairs_3,
          roderic_lattice_octagonal_star
Elf:2:    layout_geoelf_grid, mu_enter_wizlab_6, special_room
          [special_room_mythical_zoo]
Elf:3:    elf_hall_gauntlet_narrow, layout_geoelf_castle, special_room
          [special_room_orc]
Vaults:1: v_misc_30, ontoclasm_vaults_claustrophobia, v_misc_11,
          grunt_vaults_hallway_short, nicolae_vaults_border_crossing,
          vaults_dpeg_diagonal, nicolae_vaults_network_square,
          nicolae_vaults_ring_of_whatevers, layout_vaults_omnigrid,
          serial_shops, bzr_entry_water, shop
Vaults:2: minmay_crypt_entry_nasty_monster, nicolae_vaults_network_quinsquares
          [nicolae_vaults_network_quincunx_subvault,
          nicolae_vaults_network_quincunx_subvault,
          nicolae_vaults_network_quincunx_subvault,
          nicolae_vaults_network_quincunx_subvault], ontoclasm_vaults_shuriken,
          v_misc_8, vaults_room_stairs_pillars, ontoclasm_vaults_ring_large,
          nicolae_vaults_twisting_passages, hangedman_vaults_stretched_pinwheel,
          vaults_mumra_minichess_inversion, nicolae_vaults_network_s,
          hangedman_vaults_cutoff, layout_vaults_ring, serial_shops,
          nicolae_shop_trees, shop, shop, shop_coins, nicolae_shop_behind_doors
Vaults:3: grunt_vaults_hallway_long, hangedman_vaults_stagger, v_rooms_1,
          vaults_dpeg_hooks, vaults_room_corners, v_pattern_1,
          vaults_room_semicircle, st_smaller_cells,
          nicolae_vaults_little_squares_4, ontoclasm_vaults_decontamination,
          ontoclasm_vaults_idyll, nicolae_vaults_little_squares_4,
          hangedman_vaults_slice, layout_vaults_big_room, serial_shops, shop,
          uniq_aizul
Vaults:4: v_misc_9, vaults_room_grunt_arrival_checkpoint,
          vaults_standard_mumra_lines, v_misc_10, grunt_vaults_funnel,
          hangedman_vaults_corner, nicolae_vaults_asterisk,
          layout_vaults_big_cross
Vaults:5: serial_shops
Depths:1: layout_cave_shapes, enter_ziggurat_b, serial_shops, shop, hell_entry,
          serial_bayou_lagoon_b
Depths:2: due_jory_tower, layout_cave_pools, hell_entry, nicolae_two_hexagons,
          wad_floor_pattern_untrapped, infiniplex_staircase_zigzag_3,
          uniq_saint_roka
Depths:3: hangedman_pleasuredromes, hell_entry, pan_entry
Depths:4: grunt_twisty_corner, layout_long_grid, hell_entry, hex_medium,
          abyss_entry_flame_altar, infiniplex_staircase_pool_2, uniq_mara
Depths:5: evilmike_zot_entry_gauntlet, layout_basic, minmay_misc_feat_hallway,
          marbit_kobold_abyss_entry, pf_vacation_house_of_asmodeus,
          serial_co_window_serial, co_window_of_opportunity_a,
          co_window_paths_a, co_window_of_opportunity_a, co_window_paths_a,
          co_window_paths_a, co_window_paths_b, co_window_corner_a,
          co_window_of_opportunity_b, co_window_corner_b, co_window_broadway_a,
          minmay_hidden_floor
Zot:1:    layout_twisted_circle
Zot:2:    lemuel_draconian_sentries_small, layout_onion_interference
Zot:3:    grunt_zot_stairs_faceoff, layout_gridlike
Zot:4:    gammafunk_dig_for_victory, layout_basic
Zot:5:    layout_gridlike

Skill      XL: |  1  2  3  4  5  6  7  8  9 10 11 12 13 14 15 16 17 18 19 20 21 22 23 24 25 |
---------------+----------------------------------------------------------------------------+-----
Stealth        | 2 3 |  3.0
Polearms       | 3 4 5 6 8 10 11 12 13 14 | 14.0
Fighting       | 4 5 6 8 9 10 11 12 13 14 15 16 17 18 19 20 | 20.9
Armour         | 1 2 3 4 6 7 9 10 11 13 15 16 17 18 19 | 19.9
Invocations    | 5 7 9 10 12 14 15 16 17 18 19 20 21 22 24 | 24.9
Dodging        | 3 5 7 9 10 11 12 13 14 15 16 | 16.7
Evocations     | 2 4 5 7 8 10 11 | 11.0
Staves         | 4 7 9 10 11 | 11.2
Bows           | 3 5 6 8 9 11 12 13 | 13.4

Action                   |  1- 3 |  4- 6 |  7- 9 | 10-12 | 13-15 | 16-18 | 19-21 | 22-24 | 25-27 || total
-------------------------+-------+-------+-------+-------+-------+-------+-------+-------+-------++-------
Melee: Spear             |   165 |   130 |   199 |       |       |       |       |       |       ||   494
       Unarmed           |       |    18 |       |       |       |       |       |       |       ||    18
       Headbutt          |       |    18 |    59 |    88 |   260 |   237 |   379 |   337 |   202 ||  1580
       Trident           |       |       |   206 |       |    89 |       |       |       |       ||   295
       Glaive            |       |       |       |   547 |   792 |       |       |       |       ||  1339
       War axe           |       |       |       |    20 |    18 |       |       |       |       ||    38
       Lajatang          |       |       |       |       |   335 |   987 |  1338 |  1191 |   637 ||  4488
 Fire: Shortbow          |       |       |       |     4 |       |       |       |       |       ||     4
       Longbow           |       |       |       |       |       |   304 |   199 |   198 |    17 ||   718
Throw: Stone             |     4 |       |       |       |       |       |       |       |       ||     4
       Dart              |     1 |    19 |    69 |    14 |    29 |       |       |       |       ||   132
Invok: Wall of Briars    |       |       |     2 |     4 |     7 |     3 |     1 |     6 |     3 ||    26
       Grow Ballistomyce |       |       |       |     1 |     6 |     1 |     5 |     2 |       ||    15
       Overgrow          |       |       |       |       |     2 |     2 |     2 |       |     3 ||     9
       Grow Oklob        |       |       |       |       |     2 |     9 |     3 |    14 |     7 ||    35
 Abil: Stop Flying       |       |       |       |       |       |       |     1 |     2 |       ||     3
       Hurl Damnation    |       |       |       |       |       |       |       |     7 |       ||     7
       Evoke Flight      |       |       |       |       |       |       |       |     2 |       ||     2
Evoke: Wand              |       |       |       |     4 |     8 |     8 |     4 |     2 |    12 ||    38
       Phial of floods   |       |       |       |       |     1 |       |       |       |       ||     1
  Use: Scroll            |     9 |     2 |    10 |    10 |    15 |     9 |    11 |    12 |    12 ||    90
       Potion            |       |     1 |       |     3 |     7 |     5 |     6 |     4 |    21 ||    47
 Stab: Sleeping          |     2 |       |       |       |       |       |       |       |       ||     2
       Distracted        |       |       |       |       |     3 |     6 |       |    10 |    10 ||    29
       Confused          |       |       |       |       |       |       |     1 |     1 |       ||     2
  Eat: Chunk             |     5 |     6 |     8 |    18 |    31 |    24 |    23 |     9 |     1 ||   125
       Ration            |       |       |     2 |     5 |     7 |     7 |     5 |     9 |     8 ||    43
Armor: Robe              |     7 |       |       |       |       |       |       |       |       ||     7
       Ring mail         |    21 |       |       |       |       |       |       |       |       ||    21
       Chain mail        |    14 |    65 |    67 |    45 |   563 |   157 |       |       |       ||   911
       Skin              |       |    33 |       |       |       |       |       |       |       ||    33
       Plate armour      |       |       |    76 |   229 |       |   779 |   117 |       |       ||  1201
       Crystal plate arm |       |       |       |       |       |       |   791 |  1022 |   476 ||  2289
Dodge: Dodged            |    49 |    33 |    65 |    94 |   473 |   751 |   584 |   600 |   271 ||  2920
Block: Other             |       |     8 |    48 |    97 |   229 |   174 |       |       |       ||   556
       Reflection        |       |     5 |     2 |     2 |    18 |     6 |       |       |       ||    33

Table legend:
 A = Non-vault XP
 B = Vault XP
 C = Vault XP percentage of total XP
 D = Non-vault monster count
 E = Vault monster count
 F = Vault count percentage of total count
                 A         B        C        D         E       F
            +---------+---------+-------+---------+---------+-------
      Total |  522108 |  792004 |  60.3 |    1226 |     855 |  41.1
            +---------+---------+-------+---------+---------+-------
        D:1 |      38 |       0 |   0.0 |      24 |       0 |   0.0
        D:2 |      28 |       0 |   0.0 |      14 |       0 |   0.0
        D:3 |     415 |       0 |   0.0 |      27 |       0 |   0.0
        D:4 |     227 |      33 |  12.7 |      14 |      12 |  46.2
        D:5 |    1252 |     300 |  19.3 |      20 |       2 |   9.1
        D:6 |    1043 |       0 |   0.0 |      26 |       0 |   0.0
        D:7 |     245 |     215 |  46.7 |      12 |       5 |  29.4
        D:8 |     972 |    3642 |  78.9 |      23 |      19 |  45.2
        D:9 |    1368 |       0 |   0.0 |      21 |       0 |   0.0
       D:10 |    1974 |     955 |  32.6 |      19 |       1 |   5.0
       D:11 |    3243 |    2236 |  40.8 |      27 |      31 |  53.4
       D:12 |    3840 |      54 |   1.4 |      19 |       1 |   5.0
       D:13 |    9461 |    7624 |  44.6 |      37 |      25 |  40.3
       D:14 |    6542 |    1802 |  21.6 |      22 |       1 |   4.3
       D:15 |   20030 |    4082 |  16.9 |      42 |       9 |  17.6
     Lair:1 |    6182 |       0 |   0.0 |      22 |       0 |   0.0
     Lair:2 |    5202 |     679 |  11.5 |      19 |       3 |  13.6
     Lair:3 |     719 |       0 |   0.0 |       4 |       0 |   0.0
     Lair:4 |    4776 |    2524 |  34.6 |      14 |       4 |  22.2
     Lair:5 |    8855 |       0 |   0.0 |      39 |       0 |   0.0
     Lair:6 |    7111 |   12523 |  63.8 |      22 |      31 |  58.5
   Shoals:1 |   11911 |       0 |   0.0 |      22 |       0 |   0.0
   Shoals:2 |    6331 |       0 |   0.0 |      15 |       0 |   0.0
   Shoals:3 |   11594 |     623 |   5.1 |      23 |       3 |  11.5
   Shoals:4 |    9618 |   17299 |  64.3 |      26 |      29 |  52.7
   Spider:1 |    7913 |    4404 |  35.8 |      25 |       9 |  26.5
   Spider:2 |    6973 |       0 |   0.0 |      21 |       0 |   0.0
   Spider:3 |   13929 |    5778 |  29.3 |      44 |       3 |   6.4
   Spider:4 |   10124 |   19504 |  65.8 |      35 |      39 |  52.7
      Orc:1 |    2358 |    2263 |  49.0 |      23 |       3 |  11.5
      Orc:2 |    1952 |   15648 |  88.9 |      22 |      54 |  71.1
      Elf:1 |   17984 |   11718 |  39.5 |      37 |      17 |  31.5
      Elf:2 |   11628 |   21617 |  65.0 |      19 |      27 |  58.7
      Elf:3 |   11527 |   35957 |  75.7 |      21 |      48 |  69.6
   Vaults:1 |   26244 |   15017 |  36.4 |      61 |      20 |  24.7
   Vaults:2 |   34254 |   17464 |  33.8 |      51 |      20 |  28.2
   Vaults:3 |   27879 |   26675 |  48.9 |      57 |      35 |  38.0
   Vaults:4 |   27466 |   28395 |  50.8 |      38 |      42 |  52.5
   Vaults:5 |   25685 |  123252 |  82.8 |      50 |     100 |  66.7
   Depths:1 |   26543 |       0 |   0.0 |      39 |       0 |   0.0
   Depths:2 |   20311 |    5994 |  22.8 |      20 |      20 |  50.0
   Depths:3 |    2544 |   85978 |  97.1 |      10 |      90 |  90.0
   Depths:4 |   26031 |  129294 |  83.2 |      34 |      69 |  67.0
   Depths:5 |   16389 |   32678 |  66.6 |      15 |      28 |  65.1
      Zot:1 |    2112 |       0 |   0.0 |       1 |       0 |   0.0
      Zot:2 |   21650 |    5019 |  18.8 |      16 |       4 |  20.0
      Zot:3 |    7460 |       0 |   0.0 |       5 |       0 |   0.0
      Zot:4 |     498 |       0 |   0.0 |       1 |       0 |   0.0
      Zot:5 |   49677 |  147513 |  74.8 |      28 |      39 |  58.2
      IceCv |       0 |    2645 | 100.0 |       0 |      11 | 100.0
     WizLab |       0 |     600 | 100.0 |       0 |       1 | 100.0
            +---------+---------+-------+---------+---------+-------
